 Dungeon Crawl Stone Soup version 0.17.1-1-g73c8601 (webtiles) character file.

77 Implojin the Ruffian (level 4, -1/37 (38) HPs)
             Began as a Ghoul Monk on Apr 8, 2016.
             Was a Believer of Okawaru.
             Splashed by a jelly's acid (6 damage)
             ... on level 6 of the Dungeon.
             The game lasted 00:02:51 (464 turns).

Implojin the Ruffian (Ghoul Monk)                    Turns: 464, Time: 00:02:51

HP:   -1/37 (38)    AC: -1    Str: 14    XL:     4   Next: 34%
MP:   2/3           EV: 15    Int:  5    God:    Okawaru [**....]
Gold: 71            SH:  0    Dex: 12    Spells: 0 memorised, 3 levels left

rFire  . . .     SeeInvis .       - Unarmed
rCold  + . .     Clarity  .     a - +0 robe
rNeg   + + +     SustAt   .     (no shield)
rPois  ∞         Gourm    .     (no helmet)
rElec  .         Spirit   .     (no cloak)
rCorr  .         Warding  .     (no gloves)
rMut   .         Stasis   .     (no boots)
MR     .....                    (no amulet)
Stlth  +++.......               (no ring)
                                (no ring)

@: heroism, corroded equipment, rotting, not resistant to hostile enchantments,
fairly stealthy
A: rotting body, claws 1, carnivore 3, cold resistance 1, negative energy
resistance 3, slow regeneration 1, torment resistance, unbreathing
a: Heroism, Renounce Religion


You were on level 6 of the Dungeon.
You worshipped Okawaru.
Okawaru was pleased with you.
You were not hungry.

You visited 2 branches of the dungeon, and saw 7 of its levels.

You collected 71 gold pieces.

Inventory:

Armour
 a - a +0 robe (worn)
Scrolls
 c - a scroll of fear {unknown}
 d - a scroll of teleportation {unknown}
 e - a scroll of identify {unknown}
 f - a scroll of remove curse {unknown}
Comestibles
 b - 2 meat rations
 g - 2 chunks of flesh


   Skills:
 - Level 3.2(8.2) Fighting
 - Level 2.6(7.6) Dodging
 - Level 2.1(7.1) Stealth
 * Level 6.3(11.3) Unarmed Combat


You had 3 spell levels left.
You didn't know any spells.

Dungeon Overview and Level Annotations

Branches:
Dungeon (6/15)             Temple (1/1) D:6

Altars:
Dithmenos
Elyvilon
Fedhas
Makhleb
Okawaru
Qazlal
Xom
Yredelemnul
Zin

Annotations:
D:5 Sigmund


Innate Abilities, Weirdness & Mutations

Your body is rotting away.
You thrive on raw meat.
You are immune to poison.
You have sharp fingernails.
You are carnivorous and can eat meat at any time.
Your flesh is cold resistant.
You are immune to negative energy.
You regenerate slowly when monsters are visible.
You are immune to unholy pain and torment.
You can survive without breathing.


Message History

You feel slightly more hungry.
You claw the iguana!
The iguana is heavily wounded.
The iguana bites you!
* * * LOW HITPOINT WARNING * * *
You closely miss the iguana.
The iguana is heavily wounded.
You scratch the iguana.
The iguana is heavily wounded.
The iguana closely misses you.
You claw the iguana!
The iguana is almost dead.
The iguana bites you but does no damage.
You scratch the iguana.
You kill the iguana!
Okawaru accepts your kill.
Your base Unarmed Combat skill increases to level 6!
You have reached level 4!
You see here an iguana corpse.
You butcher the iguana corpse.
g - 3 chunks of flesh Unknown command.
Eat one of 3 chunks of flesh? (ye/n/q/i?)
You feel more resilient.
This raw flesh tastes great!
You continue eating. x2
You hear the slow rusting of a very distant drain.
You open the door.
Found 11 gold pieces.
A jelly comes into view.
There is an open door here.
Found a club.
You see here 11 gold pieces.
The helpless jelly fails to defend itself.
You scratch the jelly.
Your claws burn!
* * * LOW HITPOINT WARNING * * *
The jelly is lightly wounded.
The jelly hits you.
* * * LOW HITPOINT WARNING * * *
You are splashed with acid!
The acid corrodes you!
The acid burns!
You die...

##.....#
##...##
##'## #.#
#.#######
##$.......
##...######
#)....#
##.@.##
##J.# ##.#
.. .## ..
##


You could see a jelly.

Vanquished Creatures
  A crimson imp (D:5)
  An iguana (D:6)
  An adder (D:5)
  A worm (D:2)
  2 goblins
  3 jackals (D:4)
9 creatures vanquished.

Notes
Turn   | Place    | Note
--------------------------------------------------------------
     0 | D:1      | Implojin the Ghoul Monk began the quest for the Orb.
     0 | D:1      | Reached XP level 1. HP: 19/19 MP: 0/0
    93 | D:3      | You fall through a shaft!
   135 | D:4      | Reached XP level 2. HP: 1/26 MP: 1/1
   152 | D:4      | Reached skill level 5 in Unarmed Combat
   205 | D:5      | Entered Level 5 of the Dungeon
   220 | D:5      | Found a stormy altar of Qazlal.
   274 | D:5      | Found a shimmering altar of Xom.
   278 | D:5      | Noticed Sigmund
   357 | D:5      | Reached XP level 3. HP: 9/29 MP: 2/2
   362 | D:5      | Noticed a phantom
   402 | D:6      | Found a staircase to the Ecumenical Temple.
   411 | Temple   | Entered the Ecumenical Temple
   419 | Temple   | Became a worshipper of Warmaster Okawaru
   419 | Temple   | Reached * piety under Okawaru
   419 | Temple   | Reached ** piety under Okawaru
   441 | D:6      | Reached skill level 6 in Unarmed Combat
   441 | D:6      | Reached XP level 4. HP: 2/36 MP: 0/3
   464 | D:6      | Splashed by a jelly's acid

Action                   |  1- 3 |  4- 6 || total
-------------------------+-------+-------++-------
Melee: Unarmed           |    55 |     1 ||    56
Invok: Heroism           |     1 |       ||     1
 Stab: Sleeping          |     1 |     1 ||     2
  Eat: Chunk             |     2 |     1 ||     3

Table legend:
 A = Turns spent in this place as a percentage of turns spent in the entire game.
 B = Non-inter-level travel turns spent in this place as a percentage of non-inter-level travel turns spent in the entire game.
 C = Inter-level travel turns spent in this place as a percentage of turns spent in this place.
 D = Turns resting spent in this place as a percentage of non-inter-level travel turns spent in this place.
 E = Turns spent auto-exploring this place as a percentage of non-inter-level travel turns spent in this place.
 F = Non-inter-level travel turns spent in this place divided by the number of levels of this place that you've seen.
                   A       B       C       D       E      F
               +-------+-------+-------+-------+-------+----------------------
         Total | 100.0 | 100.0 |   0.0 |   0.0 |   0.0 |  67.4
       Dungeon |  95.8 |  95.8 |   0.0 |   0.0 |   0.0 |  75.3
        Temple |   4.2 |   4.2 |   0.0 |   0.0 |   0.0 |  20.0
               +-------+-------+-------+-------+-------+----------------------

Table legend:
 A = Kills in this place as a percentage of kills in entire the game.
 B = Kills by you in this place as a percentage of kills by you in the entire game.
 C = Kills by friends in this place as a percentage of kills by friends in the entire game.
 D = Other kills in this place as a percentage of other kills in the entire game.
 E = Experience gained in this place as a percentage of experience gained in the entire game.
 F = Experience gained in this place divided by the number of levels of this place that you have seen.
                   A       B       C       D       E      F
               +-------+-------+-------+-------+-------+----------------------
         Total | 100.0 | 100.0 |  -nan |  -nan | 100.0 |  15.9
       Dungeon | 100.0 | 100.0 |  -nan |  -nan | 100.0 |  18.5
               +-------+-------+-------+-------+-------+----------------------
